 Dungeon Crawl Stone Soup version 0.22.1-2-g9c5b331383 (webtiles) character file.

133 Marnok the Vandal (level 5, 0/35 HPs)
             Began as a Halfling Hunter on Nov 21, 2018.
             Killed by nerve-wracking pain
             ... invoked by an orc priest
              (14 damage)
             ... on level 3 of the Dungeon.
             The game lasted 00:30:39 (2421 turns).

Marnok the Vandal (Halfling Hunter)                 Turns: 2421, Time: 00:30:39

Health: 0/35       AC:  9    Str: 13    XL:     5   Next: 39%
Magic:  1/1        EV: 14    Int:  9    God:
Gold:   172        SH:  0    Dex: 16    Spells: 4/4 levels left

rFire    . . .     SeeInvis .   A - +0 war axe (antimagic)
rCold    . . .     Gourm    .   (shield restricted)
rNeg     . . .     Faith    .   B - +4 ring mail
rPois    .         Spirit   .   (no helmet)
rElec    .         Reflect  .   (no cloak)
rCorr    .         Harm     .   (no gloves)
MR       .....                  (no boots)
Stlth    +.........             (no amulet)
HPRegen  0.11/turn              (no ring)
MPRegen  0.07/turn              (no ring)

@: no status effects
A: small, mutation resistance 1
a: no special abilities


You were on level 3 of the Dungeon.
You were not hungry.

You visited 1 branch of the dungeon, and saw 4 of its levels.

You collected 172 gold pieces.

Inventory:

Hand Weapons
 a - a +3 hunting sling
 h - a +0 short sword
 x - a +0 mace
 A - a +0 antimagic war axe (weapon)
Missiles
 c - 23 arrows
 d - 10 sling bullets
 n - 119 stones (quivered)
 v - 22 poisoned needles
Armour
 u - a +0 robe
 B - a +4 ring mail (worn)
Scrolls
 i - 2 scrolls of remove curse
 k - a scroll of amnesia
 o - a scroll of teleportation
 s - 3 scrolls of identify
Potions
 m - 2 potions of flight
 w - a potion of agility
Comestibles
 b - 3 chunks of flesh
 f - 4 rations


   Skills:
 + Level 2.7 Fighting
 + Level 1.1 Short Blades
 + Level 1.0 Axes
 + Level 7.4 Slings
 + Level 1.2 Armour
 + Level 2.5 Dodging
 + Level 1.1 Stealth


You had 4 spell levels left.
You didn't know any spells.
Your spell library was empty.

Dungeon Overview and Level Annotations

Branches:
Dungeon (4/15)
 Temple: D:4-7

Altars:


Innate Abilities, Weirdness & Mutations

You are small and have problems with some larger weapons.
You are somewhat resistant to further mutation.


Message History

The orc priest hits you. The orc barely misses you.
You slash the orc!
You kill the orc!
Your Axes skill increases to level 1!
You hit the orc priest. The orc priest misses you.
You hit the orc priest.
The orc priest is almost dead.
The orc priest hits you but does no damage. x2
Your ring mail prevents you from hitting the orc priest.
The orc priest is almost dead.
The orc priest hits you.
Your ring mail prevents you from hitting the orc priest.
The orc priest is almost dead.
The orc priest misses you.
The orc priest hits you but does no damage.
You closely miss the orc priest.
The orc priest is almost dead.
The orc priest mumbles some strange prayers to Beogh against you.
Pain shoots through your body!
You die...

####.....# ####
#...(....# ...#
#........#
...###(>)..(..#
..............#
...#........§§###
.....#.....(§§§§##
...######....§#o§#
...# ###.####@#
...# #.# ### ...##
#?# ....# #.
###..# # #.# # ...
# #.( # ##


You could see an orc priest.

Vanquished Creatures
  An orc priest (D:3)
  4 adders
  An ooze (D:2)
  A worm (D:3)
  2 dart slugs (D:1)
  2 leopard geckos
  7 orcs (D:3)
  A giant cockroach (D:3)
  5 hobgoblins
  4 jackals
  A quokka (D:3)
  4 bats
  3 frilled lizards
  2 goblins (D:1)
  9 kobolds
  3 rats
  A plant (D:1)
51 creatures vanquished.

Notes
Turn   | Place    | Note
-------+----------+-------------------------------------------
     0 | D:1      | Marnok the Halfling Hunter began the quest for the Orb.
     0 | D:1      | Reached XP level 1. HP: 14/14 MP: 1/1
    46 | D:1      | Reached skill level 6 in Slings
    49 | D:1      | Reached XP level 2. HP: 19/19 MP: 2/2
   384 | D:1      | Reached XP level 3. HP: 15/24 MP: 3/3
  1336 | D:2      | Reached skill level 1 in Short Blades
  2122 | D:3      | Reached XP level 4. HP: 30/30 MP: 4/4
  2250 | D:3      | Reached skill level 7 in Slings
  2271 | D:3      | Found a faded altar of an unknown god.
  2318 | D:3      | Reached skill level 1 in Armour
  2318 | D:3      | Reached XP level 5. HP: 33/35 MP: 1/5
  2417 | D:3      | Reached skill level 1 in Axes
  2421 | D:3      | Killed from afar by an orc priest

Skill      XL: |  1  2  3  4  5 |
---------------+----------------+-----
Slings         | 6 7 |  7.4
Fighting       | 2 |  2.7
Short Blades   | 1 |  1.1
Armour         | 1 |  1.2
Axes           | 1 |  1.0
Dodging        | |  2.5
Stealth        | |  1.1

Action                   |  1- 3 |  4- 6 || total
-------------------------+-------+-------++-------
Melee: Hunting sling     |     4 |       ||     4
       Short sword       |    82 |       ||    82
       War axe           |     3 |    37 ||    40
 Fire: Hunting sling     |    70 |    16 ||    86
  Use: Scroll            |    11 |     1 ||    12
       Potion            |     5 |     2 ||     7
  Eat: Ration            |     1 |       ||     1
       Chunk             |       |     1 ||     1
Armor: Leather armour    |    11 |       ||    11
       Ring mail         |       |    24 ||    24
Dodge: Dodged            |    32 |    27 ||    59
